Workbook
Name CountryID: 'E-waste'!#REF!
Name CountryID: 'HW managed'!#REF!
Name CountryName: 'E-waste'!#REF!
Name CountryName: 'HW managed'!#REF!
Name Data: 'E-waste'!$F$4:$AW$20
Name Data: 'HW managed'!$F$3:$AW$12
Name Foot: 'E-waste'!$A$29:$AW$39
Name Foot: 'HW managed'!$A$29:$AW$51
Name FootLng: 'E-waste'!$B$27
Name FootLng: 'HW managed'!$B$27
Name Inc: 'E-waste'!$B$4
Name Inc: 'HW managed'!$B$3
Name Ind: 'E-waste'!$B$2
Name Ind: 'HW managed'!$B$1
Name Type: 'E-waste'!#REF!
Name Type: 'HW managed'!#REF!
Name Unit: 'E-waste'!$E$5:$E$20
Name Unit: 'HW managed'!$E$4:$E$12
Name VarsID: 'E-waste'!$B$5:$B$20
Name VarsID: 'HW managed'!$B$4:$B$12

Sheet Introduction
A3: Ce manuel a été préparé pour aider les pays à compiler les données nécessaires pour obtenir les indicateurs suivants de l’ODD 12.2.4 sur les déchets dangereux générés : * Déchets dangereux générés (en tonnes, par km² de surface terrestre et par habitant) * Déchets dangereux générés par type, notamment les déchets électroniques * Proportion de déchets dangereux traités * Traitement écologiquement rationnel des déchets dangereux produits par l’entreprise, et * Intensité de la production de déchets dangereux.
A4: Table des matières
A5: Fiche | B5: Sheet | C5: Description
A6: Introduction | B6: Introduction | C6: Introduction aux fiches de travail.
A7: Définitions | B7: Definitions | C7: Quelques définitions utiles.
A8: Déchets dangereux par type | B8: Hazardous waste by type | C8: Utilisez cette feuille de calcul pour compiler des données sur les déchets dangereux produits par type. Les quantités de déchets dangereux générées peuvent être classées par flux de déchets de la convention de Bâle ou par activité économique, selon la CITI 4.
A9: Déchets d’équipements électriques et électroniques | B9: E-waste | C9: Utilisez cette feuille de calcul pour compiler les quantités de déchets électriques et électroniques produites et collectées.
A10: Déchets dangereux produits | B10: HW generated | C10: Utilisez cette feuille de calcul pour calculer le total des déchets dangereux produits, qui comprend les déchets dangereux collectés par les services municipaux ou les entreprises privées, les déchets dangereux remis par le producteur aux installations de traitement ou d’élimination, ainsi qu’une estimation des déchets dangereux non comptabilisés. Elle permet également de calculer le taux de production par habitant et par superficie.
A11: Déchets dangereux gérés | B11: HW managed | C11: Utilisez cette feuille de calcul pour compiler des données sur la quantité de déchets dangereux produits, importés et exportés au cours de l’année, ainsi que des données sur les quantités traitées ou éliminées, et sur la capacité de traitement écologiquement rationnel des déchets dangereux générés en propre.
A12: Proportion de déchets dangereux traités | B12: Proportion of HW treated | C12: Cette feuille de calcul indique la proportion de déchets dangereux traités. Elle permet également de calculer l’intensité de la production de déchets dangereux.

Sheet Definitions
B2: Code(s) CITI | C2: Catégorie CITI | D2: CITI Rév. 4
B3: A 01-03 | C3: Agriculture, sylviculture et pêche | D3: L’agriculture, la sylviculture et la pêche comprennent les domaines suivants : la production végétale et animale, la chasse et les activités de services connexes ; la sylviculture et l’exploitation forestière ; la pêche et l’aquaculture. Cette section comprend l’exploitation des ressources naturelles végétales et animales, notamment les activités de culture, d’élevage et de reproduction des animaux, de récolte du bois et d’autres plantes, animaux ou produits d’origine animale provenant d’une exploitation agricole ou de leurs habitats naturels.
B4: B 05-09 | C4: Mines et carrières | D4: L’extraction minière et l’exploitation de carrières comprennent l’extraction de minéraux présents naturellement sous forme solide (charbon et minerais), liquide (pétrole) ou gazeuse (gaz naturel). L’extraction peut être réalisée par différentes méthodes telles que l’exploitation souterraine ou à ciel ouvert, l’exploitation de puits, l’exploitation des fonds marins, etc. Cette section comprend également les activités supplémentaires visant à préparer les matières premières pour la commercialisation, qui sont souvent menées par les unités qui ont extrait la ressource et/ou par d’autres unités situées à proximité.
B5: C 10-33 | C5: Fabrication | D5: La fabrication comprend la transformation physique ou chimique de matériaux, de substances ou de composants en nouveaux produits. Les matières, substances ou composants transformés sont des matières premières issues de l’agriculture, de la sylviculture, de la pêche, de l’extraction minière ou de l’exploitation de carrières, ainsi que des produits d’autres activités manufacturières. La modification, la rénovation ou la reconstruction substantielle de biens est généralement considérée comme une activité de fabrication.
B6: D 35 | C6: Approvisionnement en électricité, gaz, vapeur et air conditionné | D6: Cette section comprend l’activité consistant à fournir de l’énergie électrique, du gaz naturel, de la vapeur, de l’eau chaude et d’autres produits similaires par le biais d’une infrastructure permanente (réseau) de lignes, de conduites et de canalisations. La dimension du réseau n’est pas déterminante ; la distribution d’électricité, de gaz, de vapeur, d’eau chaude et autres dans les parcs industriels ou les bâtiments résidentiels est également incluse. Cette section comprend donc l’exploitation des services publics d’électricité et de gaz, qui produisent, contrôlent et distribuent de l’énergie électrique ou du gaz. La fourniture de vapeur et d’air conditionné est également incluse. Cette section exclut l’exploitation des services d’eau et d’assainissement. Cette section exclut également le transport de gaz (généralement sur de longues distances) par gazoduc.
B7: E 38 | C7: Activités de collecte des déchets, de traitement et d’élimination ; récupération de matériaux | D7: Cette division comprend la collecte, le traitement et l’élimination des déchets. Elle comprend aussi le transport local des déchets et l’opération des installations de valorisation de matériaux (c.-à-d. celles qui trient les matériaux valorisables d’un flux de déchets).
B8: F 41-43 | C8: Construction | D8: La construction comprend la construction générale et les activités de construction spécialisées pour les bâtiments et les travaux de génie civil. Elle comprend les nouveaux travaux, les réparations, les ajouts et les modifications, l’érection de bâtiments ou de structures préfabriqués sur le site, ainsi que la construction de nature temporaire.
B11: Terminologie | D11: Exemples de flux de déchets potentiellement dangereux provenant de diverses sources
B12: Y1 Déchets cliniques provenant de soins médicaux dispensés dans des hôpitaux, centres médicaux et cliniques | D12: Déchets contaminés par du sang et d’autres liquides organiques ; cultures de laboratoire et stocks microbiologiques ; déchets, notamment les excréments et autres matières, qui ont été en contact avec des patients infectés par des maladies très infectieuses. Déchets pathologiques humains, notamment les tissus, organes, parties du corps et fluides corporels prélevés au cours d’une intervention chirurgicale, d’une autopsie ou d’autres procédures médicales, ainsi que les échantillons de fluides corporels et leurs contenants. Objets tranchants qui ont été utilisés pour les soins ou le traitement des patients, notamment les aiguilles hypodermiques, les seringues, les pipettes Pasteur, les lames de scalpel, les flacons de sang, les aiguilles avec les tubes attachés et les boîtes de culture. Produits pharmaceutiques périmés ou devenus inutiles ; articles contaminés par des produits pharmaceutiques ou en contenant. Déchets cytotoxiques contenant des substances ayant des propriétés génotoxiques (par exemple, déchets contenant des médicaments cytostatiques, produits chimiques génotoxiques). Déchets contenant des substances chimiques, telles que les réactifs de laboratoire, les machines à développer, les désinfectants périmés ou devenus inutiles, les solvants (par exemple le méthanol, l’acétone et le chlorure de méthylène), les déchets à forte teneur en métaux lourds, tels que les piles, les thermomètres et les tensiomètres cassés.
B13: Y2 Déchets issus de la production et de la préparation de produits pharmaceutiques | D13: Matières premières ou produits hors spécifications ou obsolètes. Solvants de séparation et de purification des déchets (par exemple, méthanol, toluène, hexanes, acétone, etc.). Résidus de distillation et de réaction (solvants, catalyseurs et réactifs ; par exemple, benzène, chloroforme, chlorure de méthylène, toluène, méthanol, éthylène glycol, méthylisobutylcétone, xylènes, acide chlorhydrique, etc.) Milieu filtrant usagé. Réactifs chimiques utilisés. Poussières provenant d’équipements de filtration ou de contrôle de la pollution de l’air. Déchets d’emballage de matières premières. Déchets de laboratoire. Déversements, ainsi que les déchets générés lors de l’emballage du produit formulé. Liquides de nettoyage et liqueurs mères pour le nettoyage des équipements. Boues provenant du traitement sur site des eaux usées. Gâteaux de filtration provenant de processus de fermentation.
B14: Y3 Déchets de médicaments et produits pharmaceutiques | D14: Déchets pharmaceutiques potentiellement dangereux comprenant les médicaments sur ordonnance, les agents de chimiothérapie (notamment les déchets cytotoxiques, antinéoplasiques et cytostatiques), les substances contrôlées ou les articles en vente libre qui sont soit périmés, soit endommagés, soit inutilisables pour l’usage auquel ils sont destinés.
B15: Y4 Déchets issus de la production, de la préparation et de l’utilisation de biocides et de produits phytopharmaceutiques | D15: Liquides de nettoyage (aqueux ou solvant) et liqueurs mères pour équipements. Fonds de distillation et résidus de réaction. Gâteaux de filtration et absorbants usagés. Boues provenant du traitement sur site des eaux usées. Conteneurs et revêtements de conteneurs potentiellement contaminés par des biocides et des produits phytopharmaceutiques. Produits hors spécifications. Poussières provenant des équipements de contrôle des émissions et des déversements de produits. Matériel de laboratoire et vêtements de protection des travailleurs contaminés.
B16: Y5 Déchets issus de la fabrication, de la préparation et de l’utilisation des produits de préservation du bois | D16: Liquides de nettoyage des équipements et liqueurs mères Fonds de distillation et résidus de réaction. Gâteaux de filtration et absorbants usagés. Boues provenant du traitement sur site des eaux usées. Conteneurs et revêtements de conteneurs potentiellement contaminés par des produits chimiques. Produits hors spécifications. Eaux usées, résidus de traitement, égouttures de produits de préservation et formulations usées provenant des procédés de préservation du bois dans les installations qui utilisent des formulations chlorophénoliques, des formulations de créosote et des produits de préservation inorganiques contenant de l’arsenic ou du chrome.
B17: Y6 Déchets issus de la production, de la préparation et de l’utilisation de solvants organiques | D17: Déchets de dégraissage contenant des solvants provenant de l’industrie du cuir et de la fourrure. Déchets de finissage des tissus provenant de l’industrie textile (des solvants halogénés, généralement du perchloroéthylène, sont utilisés pour le décapage des tissus et des fils). Liquides de nettoyage (solvants organiques halogénés et non halogénés) et liqueurs mères provenant de procédés chimiques organiques (fabrication de : produits chimiques organiques de base, matières plastiques, caoutchouc synthétique et fibres artificielles, colorants et pigments organiques, produits phytopharmaceutiques organiques, agents de protection du bois et autres biocides, produits pharmaceutiques, graisses, savons, détergents, désinfectants et cosmétiques). Déchets issus de la fabrication, de la formulation et de l’utilisation de peintures, vernis et encres (les solvants utilisés sont l’hexane, le cyclohexane, le toluène et le xylène). Déchets de décapants de peinture ou de vernis (contenant souvent du dichlorométhane). Déchets d’adhésifs et de produits d’étanchéité contenant des solvants organiques. Bains de développement solvantés pour l'industrie photographique. Déchets d’indicateurs de fissures provenant de la coulée de pièces ferreuses. Déchets de dégraissage provenant du traitement chimique de surface et du revêtement des métaux et autres matériaux. Déchets de perchloroéthylène provenant des installations de nettoyage à sec (résidus de poudre cuite, résidus de fond de cuve, cartouches usagées et déchets de bacs à boutons/à peluches). Déchets provenant de la récupération des solvants.
B18: Y7 Déchets provenant des opérations de traitement thermique et de revenu contenant des cyanures | D18: Solutions de cyanure usagées, résidus de bains de trempe provenant de bains d’huile et boues de traitement des eaux usées de trempe provenant d’opérations de traitement thermique des métaux où des cyanures sont utilisés dans le processus.
B19: Y8 Déchets d’huiles minérales impropres à l’usage initialement prévu | D19: Huiles usagées pour moteurs, engrenages et lubrifiants. Huiles usagées d’isolation et de transmission de la chaleur. Huiles hydrauliques usagées. Liquide de frein à base d’huile minérale. Filtres à huile.
B20: Y9 Huiles/eaux usées, mélanges d'hydrocarbures et d'eau, émulsions | D20: Huiles de cale. Huile, eau huileuse et boues provenant des séparateurs huile/eau. Eaux de lavage des véhicules. Boues de purge de chaudière. Eaux de lavage des tours de refroidissement. Huiles de coupe, huiles solubles.
B21: Y10 Déchets contenant ou contaminés par des PCB, PCT et/ou PBB | D21: Déchets de composants contenant des PCB provenant du démantèlement de véhicules hors d’usage et de l’entretien des véhicules. Transformateurs, condensateurs et équipements mis au rebut contenant ou contaminés par des PCB. Déchets de construction et de démolition contenant des mastics d’étanchéité, des revêtements de sol à base de résine ou des vitrages scellés contenant des PCB. Huiles hydrauliques, isolantes ou caloporteuses usagées contenant des PCB.
B22: Y11 Résidus goudronneux de raffinage, de distillation et de tout traitement pyrolytique | D22: Résidus goudronneux.
... B39: Petits équipements informatiques et de télécommunication | D39: Cette catégorie comprend les petites technologies de l’information (routeurs, souris, claviers, disques externes et accessoires), les ordinateurs de bureau (à l’exclusion des moniteurs et des accessoires), les imprimantes (scanners, multifonctions, télécopieurs), les télécommunications (téléphones (sans fil), répondeurs), les téléphones mobiles (smartphones, téléavertisseurs) et les consoles de jeux.

Sheet Hazardous waste by type
A1: Déchets dangereux générés par les flux de déchets de la convention de Bâle et les codes CITI du questionnaire UNSD/PNUE sur les statistiques de l’environnement
B3: Déchets dangereux par flux, selon la convention de Bâle | C3: Unité | D3: 2000 | F3: 2001 | H3: 2002 | J3: 2003 | L3: 2004 | N3: 2005 | P3: 2006 | R3: 2007 | T3: 2008 | V3: 2009 | X3: 2010 | Z3: 2011 | AB3: 2012 | AD3: 2013 | AF3: 2014 | AH3: 2015 | AJ3: 2016 | AL3: 2017 | AN3: 2018 | AP3: 2019 | AR3: 2020 | AT3: 2021 | AV3: 2022 | AX3: 2023 | AZ3: 2024 | BB3: 2025 | BD3: 2026 | BF3: 2027 | BH3: 2028 | BJ3: 2029 | BL3: 2030
A4: Y1 | B4: Déchets cliniques provenant de soins médicaux dispensés dans des hôpitaux, centres médicaux et cliniques | C4: tonnes
A5: Y2 | B5: Déchets issus de la production et de la préparation de produits pharmaceutiques | C5: tonnes
A6: Y3 | B6: Déchets de médicaments et produits pharmaceutiques | C6: tonnes
A7: Y4 | B7: Déchets issus de la production, de la préparation et de l’utilisation de biocides et de produits phytopharmaceutiques | C7: tonnes
A8: Y5 | B8: Déchets issus de la fabrication, de la préparation et de l’utilisation des produits de préservation du bois | C8: tonnes
A9: Y6 | B9: Déchets issus de la production, de la préparation et de l’utilisation de solvants organiques | C9: tonnes
A10: Y7 | B10: Déchets cyanurés de traitement thermique et d’opérations de revenu | C10: tonnes
A11: Y8 | B11: Déchets d’huiles minérales impropres à l’usage initialement prévu | C11: tonnes
A12: Y9 | B12: Huiles/eaux usées, mélanges d'hydrocarbures et d'eau, émulsions | C12: tonnes
A13: Y10 | B13: Déchets contenant ou contaminés par des PCB, PCT et/ou PBB | C13: tonnes
A14: Y11 | B14: Résidus goudronneux de raffinage, de distillation et de tout traitement pyrolytique | C14: tonnes
A15: Y12 | B15: Déchets issus de la production, de la préparation et de l’utilisation d’encres, de colorants, de pigments, de peintures, de laques ou de vernis | C15: tonnes
... A22: Y46 | B22: Déchets ménagers collectés | C22: tonnes
B23: Total des déchets dangereux produits | C23: tonnes | D23: =SUM(D4:D21) -> 0 | F23: =SUM(F4:F21) -> 0 | H23: =SUM(H4:H21) -> 0 | J23: =SUM(J4:J21) -> 0 | L23: =SUM(L4:L21) -> 0 | N23: =SUM(N4:N21) -> 0 | P23: =SUM(P4:P21) -> 0 | R23: =SUM(R4:R21) -> 0 | T23: =SUM(T4:T21) -> 0 | V23: =SUM(V4:V21) -> 0 | X23: =SUM(X4:X21) -> 0 | Z23: =SUM(Z4:Z21) -> 0 | AB23: =SUM(AB4:AB21) -> 0 | AD23: =SUM(AD4:AD21) -> 0 | AF23: =SUM(AF4:AF21) -> 0 | AH23: =SUM(AH4:AH21) -> 0 | AJ23: =SUM(AJ4:AJ21) -> 0 | AL23: =SUM(AL4:AL21) -> 0 | AN23: =SUM(AN4:AN21) -> 0 | AP23: =SUM(AP4:AP21) -> 0 | AR23: =SUM(AR4:AR21) -> 0 | AT23: =SUM(AT4:AT21) -> 0 | AV23: =SUM(AV4:AV21) -> 0 | AX23: =SUM(AX4:AX21) -> 0 | AZ23: =SUM(AZ4:AZ21) -> 0 | BB23: =SUM(BB4:BB21) -> 0 | BD23: =SUM(BD4:BD21) -> 0 | BF23: =SUM(BF4:BF21) -> 0 | BH23: =SUM(BH4:BH21) -> 0 | BJ23: =SUM(BJ4:BJ21) -> 0 | BL23: =SUM(BL4:BL21) -> 0
B25: Déchets dangereux par source et par activité économique, selon la CITI 4 | C25: Unité | D25: 2000 | F25: 2001 | H25: 2002 | J25: 2003 | L25: 2004 | N25: 2005 | P25: 2006 | R25: 2007 | T25: 2008 | V25: 2009 | X25: 2010 | Z25: 2011 | AB25: 2012 | AD25: 2013 | AF25: 2014 | AH25: 2015 | AJ25: 2016 | AL25: 2017 | AN25: 2018 | AP25: 2019 | AR25: 2020 | AT25: 2021 | AV25: 2022 | AX25: 2023 | AZ25: 2024 | BB25: 2025 | BD25: 2026 | BF25: 2027 | BH25: 2028 | BJ25: 2029 | BL25: 2030
A26: 1. | B26: Agriculture, sylviculture et pêche (codes 01-03 de la classification internationale type de toutes les branches d'activité économique (CITI)) | C26: tonnes
A27: 2. | B27: Mines et carrières (CITI 05-09) | C27: tonnes
A28: 3. | B28: Fabrication (CITI 10-33) | C28: tonnes
A29: 4. | B29: Distribution d’électricité, de gaz, de vapeur et d’air conditionné (CITI 35) | C29: tonnes
A30: 5. | B30: Construction (CITYI 41-43) | C30: tonnes
A31: 6. | B31: Autres activités économiques à l’exclusion de la CITI 38, et | C31: tonnes
A32: 7. | B32: Ménages | C32: tonnes
B33: Total des déchets dangereux produits | C33: tonnes | D33: =SUM(D26:D32) -> 0 | F33: =SUM(F26:F32) -> 0 | H33: =SUM(H26:H32) -> 0 | J33: =SUM(J26:J32) -> 0 | L33: =SUM(L26:L32) -> 0 | N33: =SUM(N26:N32) -> 0 | P33: =SUM(P26:P32) -> 0 | R33: =SUM(R26:R32) -> 0 | T33: =SUM(T26:T32) -> 0 | V33: =SUM(V26:V32) -> 0 | X33: =SUM(X26:X32) -> 0 | Z33: =SUM(Z26:Z32) -> 0 | AB33: =SUM(AB26:AB32) -> 0 | AD33: =SUM(AD26:AD32) -> 0 | AF33: =SUM(AF26:AF32) -> 0 | AH33: =SUM(AH26:AH32) -> 0 | AJ33: =SUM(AJ26:AJ32) -> 0 | AL33: =SUM(AL26:AL32) -> 0 | AN33: =SUM(AN26:AN32) -> 0 | AP33: =SUM(AP26:AP32) -> 0 | AR33: =SUM(AR26:AR32) -> 0 | AT33: =SUM(AT26:AT32) -> 0 | AV33: =SUM(AV26:AV32) -> 0 | AX33: =SUM(AX26:AX32) -> 0 | AZ33: =SUM(AZ26:AZ32) -> 0 | BB33: =SUM(BB26:BB32) -> 0 | BD33: =SUM(BD26:BD32) -> 0 | BF33: =SUM(BF26:BF32) -> 0 | BH33: =SUM(BH26:BH32) -> 0 | BJ33: =SUM(BJ26:BJ32) -> 0 | BL33: =SUM(BL26:BL32) -> 0
A35: Remarque :
A36: • | B36: Si les données demandées ne sont pas disponibles, veuillez laisser la cellule vide. Si la variable demandée n’est pas applicable (le phénomène n’est pas pertinent) au pays ou si la valeur est inférieure à la moitié de l’unité de mesure, la cellule doit être remplie par « 0 ».
A37: • | B37: Veuillez fournir dans la section des notes de bas de page ci-dessous des informations sur la source et la méthodologie de collecte des données pour les valeurs fournies, telles que les méthodes d’estimation (le cas échéant) et les types de sources de données originales utilisées (par ex., les enquêtes ou les dossiers administratifs).
B39: Notes de bas de page
A40: Code | B40: Texte

Sheet E-waste
B2: 170 | C2: Production et collecte d’e-déchets (questionnaire UNSD/PNUE sur les statistiques de l’environnement, section sur les déchets, tableau R6)
F3: • Si la valeur devient rouge, veuillez vérifier si cela est correct.
B4: 2 | C4: Ligne | D4: Catégorie | E4: Unité | F4: 2000 | H4: 2001 | J4: 2002 | L4: 2003 | N4: 2004 | P4: 2005 | R4: 2006 | T4: 2007 | V4: 2008 | X4: 2009 | Z4: 2010 | AB4: 2011 | AD4: 2012 | AF4: 2013 | AH4: 2014 | AJ4: 2015 | AL4: 2016 | AN4: 2017 | AP4: 2018 | AR4: 2019 | AT4: 2020 | AV4: 2021 | AX4: 2022 | AZ4: 2023 | BB4: 2024 | BD4: 2025 | BF4: 2026 | BH4: 2027 | BJ4: 2028 | BL4: 2029 | BN4: 2030
B5: 3550 | C5: 1 | D5: Total des e-déchets générés | E5: 1 000 t | F5: =SUM(F6:F9) -> 0 | H5: =SUM(H6:H9) -> 0 | J5: =SUM(J6:J9) -> 0 | L5: =SUM(L6:L9) -> 0 | N5: =SUM(N6:N9) -> 0 | P5: =SUM(P6:P9) -> 0 | R5: =SUM(R6:R9) -> 0 | T5: =SUM(T6:T9) -> 0 | V5: =SUM(V6:V9) -> 0 | X5: =SUM(X6:X9) -> 0 | Z5: =SUM(Z6:Z9) -> 0 | AB5: =SUM(AB6:AB9) -> 0 | AD5: =SUM(AD6:AD9) -> 0 | AF5: =SUM(AF6:AF9) -> 0 | AH5: =SUM(AH6:AH9) -> 0 | AJ5: =SUM(AJ6:AJ9) -> 0 | AL5: =SUM(AL6:AL9) -> 0 | AN5: =SUM(AN6:AN9) -> 0 | AP5: =SUM(AP6:AP9) -> 0 | AR5: =SUM(AR6:AR9) -> 0 | AT5: =SUM(AT6:AT9) -> 0 | AV5: =SUM(AV6:AV9) -> 0 | AX5: =SUM(AX6:AX9) -> 0 | AZ5: =SUM(AZ6:AZ9) -> 0 | BB5: =SUM(BB6:BB9) -> 0 | BD5: =SUM(BD6:BD9) -> 0 | BF5: =SUM(BF6:BF9) -> 0 | BH5: =SUM(BH6:BH9) -> 0 | BJ5: =SUM(BJ6:BJ9) -> 0 | BL5: =SUM(BL6:BL9) -> 0 | BN5: =SUM(BN6:BN9) -> 0
B6: 3560 | C6: 2 | D6: Quantités destinées aux : Gros équipements | E6: 1 000 t
B7: 3570 | C7: 3 | D7: Écrans, moniteurs et équipements contenant des écrans | E7: 1 000 t
B8: 3580 | C8: 4 | D8: Équipement d’échange de température (équipement de refroidissement et de congélation) | E8: 1 000 t
B9: 3590 | C9: 5 | D9: Petits e-déchets | E9: 1 000 t | F9: =SUM(F10:F12) -> 0 | H9: =SUM(H10:H12) -> 0 | J9: =SUM(J10:J12) -> 0 | L9: =SUM(L10:L12) -> 0 | N9: =SUM(N10:N12) -> 0 | P9: =SUM(P10:P12) -> 0 | R9: =SUM(R10:R12) -> 0 | T9: =SUM(T10:T12) -> 0 | V9: =SUM(V10:V12) -> 0 | X9: =SUM(X10:X12) -> 0 | Z9: =SUM(Z10:Z12) -> 0 | AB9: =SUM(AB10:AB12) -> 0 | AD9: =SUM(AD10:AD12) -> 0 | AF9: =SUM(AF10:AF12) -> 0 | AH9: =SUM(AH10:AH12) -> 0 | AJ9: =SUM(AJ10:AJ12) -> 0 | AL9: =SUM(AL10:AL12) -> 0 | AN9: =SUM(AN10:AN12) -> 0 | AP9: =SUM(AP10:AP12) -> 0 | AR9: =SUM(AR10:AR12) -> 0 | AT9: =SUM(AT10:AT12) -> 0 | AV9: =SUM(AV10:AV12) -> 0 | AX9: =SUM(AX10:AX12) -> 0 | AZ9: =SUM(AZ10:AZ12) -> 0 | BB9: =SUM(BB10:BB12) -> 0 | BD9: =SUM(BD10:BD12) -> 0 | BF9: =SUM(BF10:BF12) -> 0 | BH9: =SUM(BH10:BH12) -> 0 | BJ9: =SUM(BJ10:BJ12) -> 0 | BL9: =SUM(BL10:BL12) -> 0 | BN9: =SUM(BN10:BN12) -> 0
B10: 3591 | C10: 6 | D10: dont : lampes | E10: 1 000 t
B11: 3592 | C11: 7 | D11: dont : petits équipements | E11: 1 000 t
B12: 3593 | C12: 8 | D12: dont : petits équipements informatiques et de télécommunication | E12: 1 000 t
B13: 3650 | C13: 9 | D13: Total des e-déchets collectés | E13: 1 000 t | F13: =SUM(F14:F17) -> 0 | H13: =SUM(H14:H17) -> 0 | J13: =SUM(J14:J17) -> 0 | L13: =SUM(L14:L17) -> 0 | N13: =SUM(N14:N17) -> 0 | P13: =SUM(P14:P17) -> 0 | R13: =SUM(R14:R17) -> 0 | T13: =SUM(T14:T17) -> 0 | V13: =SUM(V14:V17) -> 0 | X13: =SUM(X14:X17) -> 0 | Z13: =SUM(Z14:Z17) -> 0 | AB13: =SUM(AB14:AB17) -> 0 | AD13: =SUM(AD14:AD17) -> 0 | AF13: =SUM(AF14:AF17) -> 0 | AH13: =SUM(AH14:AH17) -> 0 | AJ13: =SUM(AJ14:AJ17) -> 0 | AL13: =SUM(AL14:AL17) -> 0 | AN13: =SUM(AN14:AN17) -> 0 | AP13: =SUM(AP14:AP17) -> 0 | AR13: =SUM(AR14:AR17) -> 0 | AT13: =SUM(AT14:AT17) -> 0 | AV13: =SUM(AV14:AV17) -> 0 | AX13: =SUM(AX14:AX17) -> 0 | AZ13: =SUM(AZ14:AZ17) -> 0 | BB13: =SUM(BB14:BB17) -> 0 | BD13: =SUM(BD14:BD17) -> 0 | BF13: =SUM(BF14:BF17) -> 0 | BH13: =SUM(BH14:BH17) -> 0 | BJ13: =SUM(BJ14:BJ17) -> 0 | BL13: =SUM(BL14:BL17) -> 0 | BN13: =SUM(BN14:BN17) -> 0
B14: 3660 | C14: 10 | D14: Quantités destinées aux : Gros équipements | E14: 1 000 t
B15: 3670 | C15: 11 | D15: Écrans, moniteurs et équipements contenant des écrans | E15: 1 000 t
B16: 3680 | C16: 12 | D16: Équipement d’échange de température (équipement de refroidissement et de congélation) | E16: 1 000 t
B17: 3690 | C17: 13 | D17: Petits e-déchets (=14+15+16) | E17: 1 000 t | F17: =SUM(F18:F20) -> 0 | H17: =SUM(H18:H20) -> 0 | J17: =SUM(J18:J20) -> 0 | L17: =SUM(L18:L20) -> 0 | N17: =SUM(N18:N20) -> 0 | P17: =SUM(P18:P20) -> 0 | R17: =SUM(R18:R20) -> 0 | T17: =SUM(T18:T20) -> 0 | V17: =SUM(V18:V20) -> 0 | X17: =SUM(X18:X20) -> 0 | Z17: =SUM(Z18:Z20) -> 0 | AB17: =SUM(AB18:AB20) -> 0 | AD17: =SUM(AD18:AD20) -> 0 | AF17: =SUM(AF18:AF20) -> 0 | AH17: =SUM(AH18:AH20) -> 0 | AJ17: =SUM(AJ18:AJ20) -> 0 | AL17: =SUM(AL18:AL20) -> 0 | AN17: =SUM(AN18:AN20) -> 0 | AP17: =SUM(AP18:AP20) -> 0 | AR17: =SUM(AR18:AR20) -> 0 | AT17: =SUM(AT18:AT20) -> 0 | AV17: =SUM(AV18:AV20) -> 0 | AX17: =SUM(AX18:AX20) -> 0 | AZ17: =SUM(AZ18:AZ20) -> 0 | BB17: =SUM(BB18:BB20) -> 0 | BD17: =SUM(BD18:BD20) -> 0 | BF17: =SUM(BF18:BF20) -> 0 | BH17: =SUM(BH18:BH20) -> 0 | BJ17: =SUM(BJ18:BJ20) -> 0 | BL17: =SUM(BL18:BL20) -> 0 | BN17: =SUM(BN18:BN20) -> 0
B18: 3691 | C18: 14 | D18: dont : lampes | E18: 1 000 t
B19: 3692 | C19: 15 | D19: dont : petits équipements | E19: 1 000 t
B20: 3693 | C20: 16 | D20: dont : petits équipements informatiques et de télécommunication | E20: 1 000 t
C22: Remarque :
C23: • | D23: Si les données demandées ne sont pas disponibles, veuillez laisser la cellule vide. Si la variable demandée n’est pas applicable (le phénomène n’est pas pertinent) au pays ou si la valeur est inférieure à la moitié de l’unité de mesure, la cellule doit être remplie par « 0 ».
C24: • | D24: Veuillez fournir dans la section des notes de bas de page ci-dessous des informations sur la source et la méthodologie de collecte des données pour les valeurs fournies, telles que les méthodes d’estimation (le cas échéant) et les types de sources de données originales utilisées (par ex., les enquêtes ou les dossiers administratifs).
B27: 1 | C27: Notes de bas de page
C28: Code | D28: Texte de note de bas de page

Sheet HW generated
A1: Total des déchets dangereux produits
A2: Déchets dangereux produits = déchets dangereux collectés par les services municipaux ou les entreprises privées + déchets dangereux remis par le producteur aux installations de traitement ou d’élimination + estimation des déchets dangereux non comptabilisés
A3: Catégorie | B3: Unité | C3: 2000 | E3: 2001 | G3: 2002 | I3: 2003 | K3: 2004 | M3: 2005 | O3: 2006 | Q3: 2007 | S3: 2008 | U3: 2009 | W3: 2010 | Y3: 2011 | AA3: 2012 | AC3: 2013 | AE3: 2014 | AG3: 2015 | AI3: 2016 | AK3: 2017 | AM3: 2018 | AO3: 2019 | AQ3: 2020 | AS3: 2021 | AU3: 2022 | AW3: 2023 | AY3: 2024 | BA3: 2025 | BC3: 2026 | BE3: 2027 | BG3: 2028 | BI3: 2029 | BK3: 2030
A4: Total des déchets dangereux collectés | B4: tonnes | C4: =SUM(C5,C6) -> 0 | E4: =E5+E6 -> 0 | G4: =G5+G6 -> 0 | I4: =I5+I6 -> 0 | K4: =K5+K6 -> 0 | M4: =M5+M6 -> 0 | O4: =O5+O6 -> 0 | Q4: =Q5+Q6 -> 0 | S4: =S5+S6 -> 0 | U4: =U5+U6 -> 0 | W4: =W5+W6 -> 0 | Y4: =Y5+Y6 -> 0 | AA4: =AA5+AA6 -> 0 | AC4: =AC5+AC6 -> 0 | AE4: =AE5+AE6 -> 0 | AG4: =AG5+AG6 -> 0 | AI4: =AI5+AI6 -> 0 | AK4: =AK5+AK6 -> 0 | AM4: =AM5+AM6 -> 0 | AO4: =AO5+AO6 -> 0 | AQ4: =AQ5+AQ6 -> 0 | AS4: =AS5+AS6 -> 0 | AU4: =AU5+AU6 -> 0 | AW4: =AW5+AW6 -> 0 | AY4: =AY5+AY6 -> 0 | BA4: =BA5+BA6 -> 0 | BC4: =BC5+BC6 -> 0 | BE4: =BE5+BE6 -> 0 | BG4: =BG5+BG6 -> 0 | BI4: =BI5+BI6 -> 0 | BK4: =BK5+BK6 -> 0
A5: dont : collectés par des services municipaux | B5: tonnes
A6: dont : collectées par des entreprises privées | B6: tonnes
A7: Déchets dangereux remis par le producteur à des installations de traitement ou d’élimination, total | B7: tonnes
A8: Estimation des déchets dangereux non comptabilisés, total | B8: tonnes
A9: Total des déchets dangereux produits | B9: tonnes | C9: =C4+C7+C8 -> 0 | E9: =E4+E7+E8 -> 0 | G9: =(G4+G7+G8) -> 0 | I9: =(I4+I7+I8) -> 0 | K9: =(K4+K7+K8) -> 0 | M9: =(M4+M7+M8) -> 0 | O9: =(O4+O7+O8) -> 0 | Q9: =(Q4+Q7+Q8) -> 0 | S9: =(S4+S7+S8) -> 0 | U9: =(U4+U7+U8) -> 0 | W9: =(W4+W7+W8) -> 0 | Y9: =(Y4+Y7+Y8) -> 0 | AA9: =(AA4+AA7+AA8) -> 0 | AC9: =(AC4+AC7+AC8) -> 0 | AE9: =(AE4+AE7+AE8) -> 0 | AG9: =(AG4+AG7+AG8) -> 0 | AI9: =(AI4+AI7+AI8) -> 0 | AK9: =(AK4+AK7+AK8) -> 0 | AM9: =(AM4+AM7+AM8) -> 0 | AO9: =(AO4+AO7+AO8) -> 0 | AQ9: =(AQ4+AQ7+AQ8) -> 0 | AS9: =(AS4+AS7+AS8) -> 0 | AU9: =(AU4+AU7+AU8) -> 0 | AW9: =(AW4+AW7+AW8) -> 0 | AY9: =(AY4+AY7+AY8) -> 0 | BA9: =(BA4+BA7+BA8) -> 0 | BC9: =(BC4+BC7+BC8) -> 0 | BE9: =(BE4+BE7+BE8) -> 0 | BG9: =(BG4+BG7+BG8) -> 0 | BI9: =(BI4+BI7+BI8) -> 0 | BK9: =(BK4+BK7+BK8) -> 0
A14: Désagrégation | B14: Unité | C14: 2000 | E14: 2001 | G14: 2002 | I14: 2003 | K14: 2004 | M14: 2005 | O14: 2006 | Q14: 2007 | S14: 2008 | U14: 2009 | W14: 2010 | Y14: 2011 | AA14: 2012 | AC14: 2013 | AE14: 2014 | AG14: 2015 | AI14: 2016 | AK14: 2017 | AM14: 2018 | AO14: 2019 | AQ14: 2020 | AS14: 2021 | AU14: 2022 | AW14: 2023 | AY14: 2024 | BA14: 2025 | BC14: 2026 | BE14: 2027 | BG14: 2028 | BI14: 2029 | BK14: 2030
A15: Population totale | B15: habitant
A16: Taille totale du pays | B16: km²
A17: Déchets dangereux produits, par habitant | B17: Kg/hab | C17: =(C9*1000)/C15 -> #DIV/0! | E17: =(E9*1000)/E15 -> #DIV/0! | G17: =(G9*1000)/G15 -> #DIV/0! | I17: =(I9*1000)/I15 -> #DIV/0! | K17: =(K9*1000)/K15 -> #DIV/0! | M17: =(M9*1000)/M15 -> #DIV/0! | O17: =(O9*1000)/O15 -> #DIV/0! | Q17: =(Q9*1000)/Q15 -> #DIV/0! | S17: =(S9*1000)/S15 -> #DIV/0! | U17: =(U9*1000)/U15 -> #DIV/0! | W17: =(W9*1000)/W15 -> #DIV/0! | Y17: =(Y9*1000)/Y15 -> #DIV/0! | AA17: =(AA9*1000)/AA15 -> #DIV/0! | AC17: =(AC9*1000)/AC15 -> #DIV/0! | AE17: =(AE9*1000)/AE15 -> #DIV/0! | AG17: =(AG9*1000)/AG15 -> #DIV/0! | AI17: =(AI9*1000)/AI15 -> #DIV/0! | AK17: =(AK9*1000)/AK15 -> #DIV/0! | AM17: =(AM9*1000)/AM15 -> #DIV/0! | AO17: =(AO9*1000)/AO15 -> #DIV/0! | AQ17: =(AQ9*1000)/AQ15 -> #DIV/0! | AS17: =(AS9*1000)/AS15 -> #DIV/0! | AU17: =(AU9*1000)/AU15 -> #DIV/0! | AW17: =(AW9*1000)/AW15 -> #DIV/0! | AY17: =(AY9*1000)/AY15 -> #DIV/0! | BA17: =(BA9*1000)/BA15 -> #DIV/0! | BC17: =(BC9*1000)/BC15 -> #DIV/0! | BE17: =(BE9*1000)/BE15 -> #DIV/0! | BG17: =(BG9*1000)/BG15 -> #DIV/0! | BI17: =(BI9*1000)/BI15 -> #DIV/0! | BK17: =(BK9*1000)/BK15 -> #DIV/0!
A18: Déchets dangereux produits, par km² de terrain | B18: Kg/km² | C18: =(C9*1000)/C16 -> #DIV/0! | E18: =(E9*1000)/E16 -> #DIV/0! | G18: =(G9*1000)/G16 -> #DIV/0! | I18: =(I9*1000)/I16 -> #DIV/0! | K18: =(K9*1000)/K16 -> #DIV/0! | M18: =(M9*1000)/M16 -> #DIV/0! | O18: =(O9*1000)/O16 -> #DIV/0! | Q18: =(Q9*1000)/Q16 -> #DIV/0! | S18: =(S9*1000)/S16 -> #DIV/0! | U18: =(U9*1000)/U16 -> #DIV/0! | W18: =(W9*1000)/W16 -> #DIV/0! | Y18: =(Y9*1000)/Y16 -> #DIV/0! | AA18: =(AA9*1000)/AA16 -> #DIV/0! | AC18: =(AC9*1000)/AC16 -> #DIV/0! | AE18: =(AE9*1000)/AE16 -> #DIV/0! | AG18: =(AG9*1000)/AG16 -> #DIV/0! | AI18: =(AI9*1000)/AI16 -> #DIV/0! | AK18: =(AK9*1000)/AK16 -> #DIV/0! | AM18: =(AM9*1000)/AM16 -> #DIV/0! | AO18: =(AO9*1000)/AO16 -> #DIV/0! | AQ18: =(AQ9*1000)/AQ16 -> #DIV/0! | AS18: =(AS9*1000)/AS16 -> #DIV/0! | AU18: =(AU9*1000)/AU16 -> #DIV/0! | AW18: =(AW9*1000)/AW16 -> #DIV/0! | AY18: =(AY9*1000)/AY16 -> #DIV/0! | BA18: =(BA9*1000)/BA16 -> #DIV/0! | BC18: =(BC9*1000)/BC16 -> #DIV/0! | BE18: =(BE9*1000)/BE16 -> #DIV/0! | BG18: =(BG9*1000)/BG16 -> #DIV/0! | BI18: =(BI9*1000)/BI16 -> #DIV/0! | BK18: =(BK9*1000)/BK16 -> #DIV/0!

Sheet HW managed
B1: 165 | C1: Gestion des déchets dangereux (Questionnaire UNSD/PNUE sur les statistiques de l’environnement, section sur les déchets, tableau R2, partiel)
F2: • Si la valeur devient rouge, veuillez vérifier si cela est correct.
B3: 2 | D3: Catégorie | E3: Unité | F3: 2000 | H3: 2001 | J3: 2002 | L3: 2003 | N3: 2004 | P3: 2005 | R3: 2006 | T3: 2007 | V3: 2008 | X3: 2009 | Z3: 2010 | AB3: 2011 | AD3: 2012 | AF3: 2013 | AH3: 2014 | AJ3: 2015 | AL3: 2016 | AN3: 2017 | AP3: 2018 | AR3: 2019 | AT3: 2020 | AV3: 2021 | AX3: 2022 | AZ3: 2023 | BB3: 2024 | BD3: 2025 | BF3: 2026 | BH3: 2027 | BJ3: 2028 | BL3: 2029 | BN3: 2030
B4: 2830 | D4: Déchets dangereux produits au cours de l’année | E4: tonnes | F4: ='HW generated'!C9 -> 0 | H4: ='HW generated'!E9 -> 0 | J4: ='HW generated'!G9 -> 0 | L4: ='HW generated'!I9 -> 0 | N4: ='HW generated'!K9 -> 0 | P4: ='HW generated'!M9 -> 0 | R4: ='HW generated'!O9 -> 0 | T4: ='HW generated'!Q9 -> 0 | V4: ='HW generated'!S9 -> 0 | X4: ='HW generated'!U9 -> 0 | Z4: ='HW generated'!W9 -> 0 | AB4: ='HW generated'!Y9 -> 0 | AD4: ='HW generated'!AA9 -> 0 | AF4: ='HW generated'!AC9 -> 0 | AH4: ='HW generated'!AE9 -> 0 | AJ4: ='HW generated'!AG9 -> 0 | AL4: ='HW generated'!AI9 -> 0 | AN4: ='HW generated'!AK9 -> 0 | AP4: ='HW generated'!AM9 -> 0 | AR4: ='HW generated'!AO9 -> 0 | AT4: ='HW generated'!AQ9 -> 0 | AV4: ='HW generated'!AS9 -> 0 | AX4: ='HW generated'!AV9 -> 0 | AZ4: ='HW generated'!AX9 -> 0 | BB4: ='HW generated'!AZ9 -> 0 | BD4: ='HW generated'!BB9 -> 0 | BF4: ='HW generated'!BD9 -> 0 | BH4: ='HW generated'!BF9 -> 0 | BJ4: ='HW generated'!BH9 -> 0 | BL4: ='HW generated'!BJ9 -> 0 | BN4: ='HW generated'!BL9 -> 0
B5: 1778 | D5: Déchets dangereux importés au cours de l’année | E5: tonnes
B6: 1779 | D6: Déchets dangereux exportés au cours de l’année | E6: tonnes
A7: c | B7: 1780 | D7: Déchets dangereux traités ou éliminés au cours de l’année | E7: tonnes | F7: =F6+F8+F9+F11+F12 -> 0 | H7: =H8+H9+H11+H12 -> 0 | J7: =J8+J9+J11+J12 -> 0 | L7: =L8+L9+L11+L12 -> 0 | N7: =N8+N9+N11+N12 -> 0 | P7: =P8+P9+P11+P12 -> 0 | R7: =R8+R9+R11+R12 -> 0 | T7: =T8+T9+T11+T12 -> 0 | V7: =V8+V9+V11+V12 -> 0 | X7: =X8+X9+X11+X12 -> 0 | Z7: =Z8+Z9+Z11+Z12 -> 0 | AB7: =AB8+AB9+AB11+AB12 -> 0 | AD7: =AD8+AD9+AD11+AD12 -> 0 | AF7: =AF8+AF9+AF11+AF12 -> 0 | AH7: =AH8+AH9+AH11+AH12 -> 0 | AJ7: =AJ8+AJ9+AJ11+AJ12 -> 0 | AL7: =AL8+AL9+AL11+AL12 -> 0 | AN7: =AN8+AN9+AN11+AN12 -> 0 | AP7: =AP8+AP9+AP11+AP12 -> 0 | AR7: =AR8+AR9+AR11+AR12 -> 0 | AT7: =AT8+AT9+AT11+AT12 -> 0 | AV7: =AV8+AV9+AV11+AV12 -> 0 | AX7: =AX8+AX9+AX11+AX12 -> 0 | AZ7: =AZ8+AZ9+AZ11+AZ12 -> 0 | BB7: =BB8+BB9+BB11+BB12 -> 0 | BD7: =BD8+BD9+BD11+BD12 -> 0 | BF7: =BF8+BF9+BF11+BF12 -> 0 | BH7: =BH8+BH9+BH11+BH12 -> 0 | BJ7: =BJ8+BJ9+BJ11+BJ12 -> 0 | BL7: =BL8+BL9+BL11+BL12 -> 0 | BN7: =BN8+BN9+BN11+BN12 -> 0
B8: 2573 | D8: Quantités destinées aux : Recyclage | E8: tonnes
B9: 2574 | D9: Incinération | E9: tonnes
B10: 2572 | D10: dont : avec récupération d’énergie | E10: tonnes
B11: 1841 | D11: Décharge | E11: tonnes
B12: 2575 | D12: Autre, veuillez préciser dans la note de bas de page | E12: tonnes
C13: Remarques :
C14: • | D14: Veuillez noter que l’unité dans ce tableau est la « tonne (tonne métrique) ».
C15: • | D15: Si les données demandées ne sont pas disponibles, veuillez laisser la cellule vide. Si la variable demandée n’est pas applicable (le phénomène n’est pas pertinent) au pays ou si la valeur est inférieure à la moitié de l’unité de mesure, la cellule doit être remplie par « 0 ».
C16: • | D16: Veuillez fournir dans la section des notes de bas de page ci-dessous des informations sur la source et la méthodologie de collecte des données pour les valeurs fournies, telles que les méthodes d’estimation (le cas échéant) et les types de sources de données originales utilisées (par ex., les enquêtes ou les dossiers administratifs).
C18: Traitement respectueux de l’environnement des déchets dangereux produits par l’entreprise
D19: Catégorie | E19: Unité | F19: 2000 | H19: 2001 | J19: 2002 | L19: 2003 | N19: 2004 | P19: 2005 | R19: 2006 | T19: 2007 | V19: 2008 | X19: 2009 | Z19: 2010 | AB19: 2011 | AD19: 2012 | AF19: 2013 | AH19: 2014 | AJ19: 2015 | AL19: 2016 | AN19: 2017 | AP19: 2018 | AR19: 2019 | AT19: 2020 | AV19: 2021 | AX19: 2022 | AZ19: 2023 | BB19: 2024 | BD19: 2025 | BF19: 2026 | BH19: 2027 | BJ19: 2028 | BL19: 2029 | BN19: 2030
D20: Capacité à traiter ses propres déchets | E20: tonnes
D21: Proportion de déchets traités dans le pays | E21: % | F21: =(F7-F6)/F4 -> #DIV/0! | H21: =(H7-H6)/H4 -> #DIV/0! | J21: =(J7-J6)/J4 -> #DIV/0! | L21: =(L7-L6)/L4 -> #DIV/0! | N21: =(N7-N6)/N4 -> #DIV/0! | P21: =(P7-P6)/P4 -> #DIV/0! | R21: =(R7-R6)/R4 -> #DIV/0! | T21: =(T7-T6)/T4 -> #DIV/0! | V21: =(V7-V6)/V4 -> #DIV/0! | X21: =(X7-X6)/X4 -> #DIV/0! | Z21: =(Z7-Z6)/Z4 -> #DIV/0! | AB21: =(AB7-AB6)/AB4 -> #DIV/0! | AD21: =(AD7-AD6)/AD4 -> #DIV/0! | AF21: =(AF7-AF6)/AF4 -> #DIV/0! | AH21: =(AH7-AH6)/AH4 -> #DIV/0! | AJ21: =(AJ7-AJ6)/AJ4 -> #DIV/0! | AL21: =(AL7-AL6)/AL4 -> #DIV/0! | AN21: =(AN7-AN6)/AN4 -> #DIV/0! | AP21: =(AP7-AP6)/AP4 -> #DIV/0! | AR21: =(AR7-AR6)/AR4 -> #DIV/0! | AT21: =(AT7-AT6)/AT4 -> #DIV/0! | AV21: =(AV7-AV6)/AV4 -> #DIV/0! | AX21: =(AX7-AX6)/AX4 -> #DIV/0! | AZ21: =(AZ7-AZ6)/AZ4 -> #DIV/0! | BB21: =(BB7-BB6)/BB4 -> #DIV/0! | BD21: =(BD7-BD6)/BD4 -> #DIV/0! | BF21: =(BF7-BF6)/BF4 -> #DIV/0! | BH21: =(BH7-BH6)/BH4 -> #DIV/0! | BJ21: =(BJ7-BJ6)/BJ4 -> #DIV/0! | BL21: =(BL7-BL6)/BL4 -> #DIV/0! | BN21: =(BN7-BN6)/BN4 -> #DIV/0!
D22: Proportion de déchets exportés | E22: % | F22: =F6/F4 -> #DIV/0! | H22: =H6/H4 -> #DIV/0! | J22: =J6/J4 -> #DIV/0! | L22: =L6/L4 -> #DIV/0! | N22: =N6/N4 -> #DIV/0! | P22: =P6/P4 -> #DIV/0! | R22: =R6/R4 -> #DIV/0! | T22: =T6/T4 -> #DIV/0! | V22: =V6/V4 -> #DIV/0! | X22: =X6/X4 -> #DIV/0! | Z22: =Z6/Z4 -> #DIV/0! | AB22: =AB6/AB4 -> #DIV/0! | AD22: =AD6/AD4 -> #DIV/0! | AF22: =AF6/AF4 -> #DIV/0! | AH22: =AH6/AH4 -> #DIV/0! | AJ22: =AJ6/AJ4 -> #DIV/0! | AL22: =AL6/AL4 -> #DIV/0! | AN22: =AN6/AN4 -> #DIV/0! | AP22: =AP6/AP4 -> #DIV/0! | AR22: =AR6/AR4 -> #DIV/0! | AT22: =AT6/AT4 -> #DIV/0! | AV22: =AV6/AV4 -> #DIV/0! | AX22: =AX6/AX4 -> #DIV/0! | AZ22: =AZ6/AZ4 -> #DIV/0! | BB22: =BB6/BB4 -> #DIV/0! | BD22: =BD6/BD4 -> #DIV/0! | BF22: =BF6/BF4 -> #DIV/0! | BH22: =BH6/BH4 -> #DIV/0! | BJ22: =BJ6/BJ4 -> #DIV/0! | BL22: =BL6/BL4 -> #DIV/0! | BN22: =BN6/BN4 -> #DIV/0!
D23: Capacité à traiter les déchets importés | E23: tonnes | F23: =IF(F20-F4<0,0,F20-F4) -> 0 | H23: =IF(H20-H4<0,0,H20-H4) -> 0 | J23: =IF(J20-J4<0,0,J20-J4) -> 0 | L23: =IF(L20-L4<0,0,L20-L4) -> 0 | N23: =IF(N20-N4<0,0,N20-N4) -> 0 | P23: =IF(P20-P4<0,0,P20-P4) -> 0 | R23: =IF(R20-R4<0,0,R20-R4) -> 0 | T23: =IF(T20-T4<0,0,T20-T4) -> 0 | V23: =IF(V20-V4<0,0,V20-V4) -> 0 | X23: =IF(X20-X4<0,0,X20-X4) -> 0 | Z23: =IF(Z20-Z4<0,0,Z20-Z4) -> 0 | AB23: =IF(AB20-AB4<0,0,AB20-AB4) -> 0 | AD23: =IF(AD20-AD4<0,0,AD20-AD4) -> 0 | AF23: =IF(AF20-AF4<0,0,AF20-AF4) -> 0 | AH23: =IF(AH20-AH4<0,0,AH20-AH4) -> 0 | AJ23: =IF(AJ20-AJ4<0,0,AJ20-AJ4) -> 0 | AL23: =IF(AL20-AL4<0,0,AL20-AL4) -> 0 | AN23: =IF(AN20-AN4<0,0,AN20-AN4) -> 0 | AP23: =IF(AP20-AP4<0,0,AP20-AP4) -> 0 | AR23: =IF(AR20-AR4<0,0,AR20-AR4) -> 0 | AT23: =IF(AT20-AT4<0,0,AT20-AT4) -> 0 | AV23: =IF(AV20-AV4<0,0,AV20-AV4) -> 0 | AX23: =IF(AX20-AX4<0,0,AX20-AX4) -> 0 | AZ23: =IF(AZ20-AZ4<0,0,AZ20-AZ4) -> 0 | BB23: =IF(BB20-BB4<0,0,BB20-BB4) -> 0 | BD23: =IF(BD20-BD4<0,0,BD20-BD4) -> 0 | BF23: =IF(BF20-BF4<0,0,BF20-BF4) -> 0 | BH23: =IF(BH20-BH4<0,0,BH20-BH4) -> 0 | BJ23: =IF(BJ20-BJ4<0,0,BJ20-BJ4) -> 0 | BL23: =IF(BL20-BL4<0,0,BL20-BL4) -> 0 | BN23: =IF(BN20-BN4<0,0,BN20-BN4) -> 0
B27: 1 | C27: Notes de bas de page
C28: Code | D28: Texte de note de bas de page

Sheet Proportion of HW treated
A1: Intensité des déchets et proportion de déchets dangereux traités
A2: Proportion de déchets dangereux traités (%) = (Quantité de déchets dangereux traités au cours de l’année de rapport / Quantité totale de déchets dangereux produits au cours de l’année de rapport) x 100
A3: Catégorie | B3: Unité | C3: 2000 | E3: 2001 | G3: 2002 | I3: 2003 | K3: 2004 | M3: 2005 | O3: 2006 | Q3: 2007 | S3: 2008 | U3: 2009 | W3: 2010 | Y3: 2011 | AA3: 2012 | AC3: 2013 | AE3: 2014 | AG3: 2015 | AI3: 2016 | AK3: 2017 | AM3: 2018 | AO3: 2019 | AQ3: 2020 | AS3: 2021 | AU3: 2022 | AW3: 2023 | AY3: 2024 | BA3: 2025 | BC3: 2026 | BE3: 2027 | BG3: 2028 | BI3: 2029 | BK3: 2030
A4: Déchets dangereux traités ou éliminés au cours de l’année | B4: tonnes | C4: ='HW managed'!F7 -> 0 | E4: ='HW managed'!H7 -> 0 | G4: ='HW managed'!J7 -> 0 | I4: ='HW managed'!L7 -> 0 | K4: ='HW managed'!N7 -> 0 | M4: ='HW managed'!P7 -> 0 | O4: ='HW managed'!R7 -> 0 | Q4: ='HW managed'!T7 -> 0 | S4: ='HW managed'!V7 -> 0 | U4: ='HW managed'!X7 -> 0 | W4: ='HW managed'!Z7 -> 0 | Y4: ='HW managed'!AB7 -> 0 | AA4: ='HW managed'!AD7 -> 0 | AC4: ='HW managed'!AF7 -> 0 | AE4: ='HW managed'!AH7 -> 0 | AG4: ='HW managed'!AJ7 -> 0 | AI4: ='HW managed'!AL7 -> 0 | AK4: ='HW managed'!AN7 -> 0 | AM4: ='HW managed'!AP7 -> 0 | AO4: ='HW managed'!AR7 -> 0 | AQ4: ='HW managed'!AT7 -> 0 | AS4: ='HW managed'!AV7 -> 0 | AU4: ='HW managed'!AX7 -> 0 | AW4: ='HW managed'!AZ7 -> 0 | AY4: ='HW managed'!BB7 -> 0 | BA4: ='HW managed'!BD7 -> 0 | BC4: ='HW managed'!BF7 -> 0 | BE4: ='HW managed'!BH7 -> 0 | BG4: ='HW managed'!BJ7 -> 0 | BI4: ='HW managed'!BL7 -> 0 | BK4: ='HW managed'!BN7 -> 0
A5: Total des déchets dangereux produits | B5: tonnes | C5: ='HW generated'!C9 -> 0 | E5: ='HW generated'!E9 -> 0 | G5: ='HW generated'!G9 -> 0 | I5: ='HW generated'!I9 -> 0 | K5: ='HW generated'!K9 -> 0 | M5: ='HW generated'!M9 -> 0 | O5: ='HW generated'!O9 -> 0 | Q5: ='HW generated'!Q9 -> 0 | S5: ='HW generated'!S9 -> 0 | U5: ='HW generated'!U9 -> 0 | W5: ='HW generated'!W9 -> 0 | Y5: ='HW generated'!Y9 -> 0 | AA5: ='HW generated'!AA9 -> 0 | AC5: ='HW generated'!AC9 -> 0 | AE5: ='HW generated'!AE9 -> 0 | AG5: ='HW generated'!AG9 -> 0 | AI5: ='HW generated'!AI9 -> 0 | AK5: ='HW generated'!AK9 -> 0 | AM5: ='HW generated'!AM9 -> 0 | AO5: ='HW generated'!AO9 -> 0 | AQ5: ='HW generated'!AQ9 -> 0 | AS5: ='HW generated'!AS9 -> 0 | AU5: ='HW generated'!AV9 -> 0 | AW5: ='HW generated'!AX9 -> 0 | AY5: ='HW generated'!AZ9 -> 0 | BA5: ='HW generated'!BB9 -> 0 | BC5: ='HW generated'!BD9 -> 0 | BE5: ='HW generated'!BF9 -> 0 | BG5: ='HW generated'!BH9 -> 0 | BI5: ='HW generated'!BJ9 -> 0 | BK5: ='HW generated'!BL9 -> 0
A6: Proportion de déchets dangereux traités | B6: % | C6: =C4/C5 -> #DIV/0! | E6: =E4/E5 -> #DIV/0! | G6: =G4/G5 -> #DIV/0! | I6: =I4/I5 -> #DIV/0! | K6: =K4/K5 -> #DIV/0! | M6: =M4/M5 -> #DIV/0! | O6: =O4/O5 -> #DIV/0! | Q6: =Q4/Q5 -> #DIV/0! | S6: =S4/S5 -> #DIV/0! | U6: =U4/U5 -> #DIV/0! | W6: =W4/W5 -> #DIV/0! | Y6: =Y4/Y5 -> #DIV/0! | AA6: =AA4/AA5 -> #DIV/0! | AC6: =AC4/AC5 -> #DIV/0! | AE6: =AE4/AE5 -> #DIV/0! | AG6: =AG4/AG5 -> #DIV/0! | AI6: =AI4/AI5 -> #DIV/0! | AK6: =AK4/AK5 -> #DIV/0! | AM6: =AM4/AM5 -> #DIV/0! | AO6: =AO4/AO5 -> #DIV/0! | AQ6: =AQ4/AQ5 -> #DIV/0! | AS6: =AS4/AS5 -> #DIV/0! | AU6: =AU4/AU5 -> #DIV/0! | AW6: =AW4/AW5 -> #DIV/0! | AY6: =AY4/AY5 -> #DIV/0! | BA6: =BA4/BA5 -> #DIV/0! | BC6: =BC4/BC5 -> #DIV/0! | BE6: =BE4/BE5 -> #DIV/0! | BG6: =BG4/BG5 -> #DIV/0! | BI6: =BI4/BI5 -> #DIV/0! | BK6: =BK4/BK5 -> #DIV/0!
A7: Remarque : la proportion de déchets dangereux traités peut être supérieure à 100 % au cours d’une année donnée. Les déchets dangereux sont généralement stockés avant leur traitement ou leur élimination. Une partie des déchets dangereux ne peut pas être traitée ou éliminée au cours de l’année où ils sont produits.
A10: Intensité de la production de déchets dangereux
A11: Intensité de production des déchets dangereux = Quantité de déchets dangereux générés au cours de l’année de rapport / Consommation intérieure de matières (CIM) au cours de l’année de rapport
A12: Catégorie | B12: Unité | C12: 2000 | E12: 2001 | G12: 2002 | I12: 2003 | K12: 2004 | M12: 2005 | O12: 2006 | Q12: 2007 | S12: 2008 | U12: 2009 | W12: 2010 | Y12: 2011 | AA12: 2012 | AC12: 2013 | AE12: 2014 | AG12: 2015 | AI12: 2016 | AK12: 2017 | AM12: 2018 | AO12: 2019 | AQ12: 2020 | AS12: 2021 | AU12: 2022 | AW12: 2023 | AY12: 2024 | BA12: 2025 | BC12: 2026 | BE12: 2027 | BG12: 2028 | BI12: 2029 | BK12: 2030
A13: Consommation intérieure de matières | B13: tonnes
A14: Intensité des déchets dangereux | B14: — | C14: =C5/C13 -> #DIV/0! | E14: =E5/E13 -> #DIV/0! | G14: =G5/G13 -> #DIV/0! | I14: =I5/I13 -> #DIV/0! | K14: =K5/K13 -> #DIV/0! | M14: =M5/M13 -> #DIV/0! | O14: =O5/O13 -> #DIV/0! | Q14: =Q5/Q13 -> #DIV/0! | S14: =S5/S13 -> #DIV/0! | U14: =U5/U13 -> #DIV/0! | W14: =W5/W13 -> #DIV/0! | Y14: =Y5/Y13 -> #DIV/0! | AA14: =AA5/AA13 -> #DIV/0! | AC14: =AC5/AC13 -> #DIV/0! | AE14: =AE5/AE13 -> #DIV/0! | AG14: =AG5/AG13 -> #DIV/0! | AI14: =AI5/AI13 -> #DIV/0! | AK14: =AK5/AK13 -> #DIV/0! | AM14: =AM5/AM13 -> #DIV/0! | AO14: =AO5/AO13 -> #DIV/0! | AQ14: =AQ5/AQ13 -> #DIV/0! | AS14: =AS5/AS13 -> #DIV/0! | AU14: =AU5/AU13 -> #DIV/0! | AW14: =AW5/AW13 -> #DIV/0! | AY14: =AY5/AY13 -> #DIV/0! | BA14: =BA5/BA13 -> #DIV/0! | BC14: =BC5/BC13 -> #DIV/0! | BE14: =BE5/BE13 -> #DIV/0! | BG14: =BG5/BG13 -> #DIV/0! | BI14: =BI5/BI13 -> #DIV/0! | BK14: =BK5/BK13 -> #DIV/0!
